 Dungeon Crawl Stone Soup version 0.29.1-15-g9cfb28693d (webtiles) character file.

Game seed: 992046957947462929

48 nagelbites the Conjurer (level 3, -2/25 HPs)
             Began as a Demonspawn Conjurer on Mar 28, 2023.
             Slain by a gnoll
             ... wielding a +0 club
              (5 damage)
             ... on level 2 of the Dungeon.
             The game lasted 00:09:54 (1774 turns).

nagelbites the Conjurer (Demonspawn Conjurer)       Turns: 1774, Time: 00:09:55

Health: -2/25      AC:  3    Str:  7    XL:     3   Next: 50%
Magic:  1/6        EV: 12    Int: 21    God:
Gold:   46         SH:  0    Dex: 11    Spells: 3/6 levels left

rFire   . . .      SeeInvis .   c - +0 dagger
rCold   . . .      Faith    .   (no shield)
rNeg    . . .      Spirit   .   a - +0 robe
rPois   .          Reflect  .   (helmet restricted)
rElec   .          Harm     .   g - +0 cloak
rCorr   .          Rampage  .   (no gloves)
Will    .....                   (no boots)
Stlth   ++........              (no amulet)
HPRegen 0.08/turn               h - ring of flight
MPRegen 0.10/turn               (no ring)

@: weak-willed, flying
A: antennae 1
a: no special abilities


You were on level 2 of the Dungeon.
You visited 1 branch of the dungeon, and saw 2 of its levels.

You collected 46 gold pieces.

Inventory:

Hand Weapons
 c - a +0 dagger (weapon)
Armour
 a - a +0 robe (worn)
 g - a +0 cloak (worn)
Jewellery
 h - a ring of flight (left hand)
Scrolls
 f - a scroll of immolation
 i - a scroll of noise
 j - a scroll of teleportation
Potions
 b - a potion of magic
 d - a potion of invisibility {unknown}
 e - a potion of heal wounds {unknown}
 k - 2 potions of curing {unknown}


   Skills:
 + Level 0.6 Fighting
 + Level 0.5 Short Blades
 * Level 2.1 Dodging
 * Level 2.3 Stealth
 * Level 2.4 Spellcasting
 * Level 4.3 Conjurations


You had 3 spell levels left.
You knew the following spells:

 Your Spells              Type           Power      Damage    Failure   Level
a - Magic Dart            Conj           80%        1d7       2%          1
b - Searing Ray           Conj           40%        2d5       3%          2

Your spell library contained the following spells:

 Spells                   Type           Power      Damage    Failure   Level
 Beastly Appendage        Tmut           4%         N/A       14%         1
 Dazzling Flash           Conj/Hex       22%        N/A       17%         3
 Wereblood                Tmut           2%         N/A       22%         2
 Spider Form              Tmut/Pois      2%         N/A       38%         3
 Fulminant Prism          Conj/Hex       5%         3d7       50%         4
 Iskenderun's Mystic Bla  Conj/Tloc      11%        2d4       50%         4


Dungeon Overview and Level Annotations

Branches:
Dungeon (2/15)

Altars:


Innate Abilities, Weirdness & Mutations

You have a pair of small antennae on your head.


Message History

The magic dart hits the gnoll.
The gnoll is heavily wounded.
A gnoll comes into view. It is wielding a +0 club.
Aiming: Magic Dart (safe; 2% risk of failure)
Press: ? - help, Q - select action, (/) - cycle Shift-Dir - straight line, f/p - gnoll
Aim: a gnoll, wielding a +0 whip (heavily wounded, 100% to hit)
The magic dart hits the gnoll.
You kill the gnoll!
The gnoll shouts!
Aiming: Magic Dart (safe; 2% risk of failure)
Press: ? - help, Q - select action, (/) - cycle Shift-Dir - straight line, f - gnoll
Aim: a gnoll, wielding a +0 whip (100% to hit)
The magic dart hits the gnoll but does no damage.
Aiming: Magic Dart (safe; 2% risk of failure)
Press: ? - help, Q - select action, (/) - cycle Shift-Dir - straight line, f/p - gnoll
Aim: a gnoll, wielding a +0 whip (100% to hit)
The magic dart hits the gnoll.
The gnoll is moderately wounded.
There are monsters nearby!
You hit the gnoll.
The gnoll is heavily wounded.
The gnoll barely misses you.
You hit the gnoll.
The gnoll is heavily wounded.
The gnoll barely misses you.
You barely miss the gnoll.
The gnoll is heavily wounded.
You closely miss the gnoll.
The gnoll is heavily wounded.
The gnoll barely misses you. The gnoll hits you with a +0 club.
You closely miss the gnoll.
The gnoll is heavily wounded.
The gnoll hits you with a +0 whip! The gnoll hits you with a +0 club!
You are too injured to fight recklessly!
As you read the scroll labelled VAS VO JIOTT, it crumbles to dust.
Magic quickly surges around you.
It was a scroll of vulnerability.
The gnoll hits you with a +0 whip.
* * * LOW HITPOINT WARNING * * *
The gnoll hits you with a +0 club.
You die...

##############
#............#
###.#####.##########.###
....).g@...........>....
#..)##g.$############...
# #.#.# #..... #.#.#
#.#... ..#!# #.....
.....# #..... ###.###
#..... #. ##.... #....


You could see 2 gnolls.

Vanquished Creatures
  2 gnolls
  2 dart slugs
  4 bats (D:1)
  2 endoplasms
  2 giant cockroaches (D:1)
  4 goblins
  A hobgoblin (D:1)
  3 kobolds
  A quokka (D:1)
  2 rats (D:1)
23 creatures vanquished.

Notes
Turn   | Place    | Note
-------+----------+-------------------------------------------
     0 | D:1      | nagelbites the Demonspawn Conjurer began the quest for the
                  | Orb.
     0 | D:1      | Reached XP level 1. HP: 13/13 MP: 3/3
   492 | D:1      | Gained mutation: You have a pair of small antennae on your
                  | head. [demonic ancestry]
   492 | D:1      | Reached XP level 2. HP: 17/19 MP: 5/5
   558 | D:1      | Learned a level 2 spell: Searing Ray
   882 | D:1      | Reached XP level 3. HP: 25/25 MP: 1/6
  1774 | D:2      | Slain by a gnoll

Illustrated notes

Levels and vault maps discovered:
D:1:      ebering_trefoil_twist, layout_basic
D:2:      layout_basic, serial_co_window_serial, co_window_corner_a,
          co_window_paths_a, co_window_paths_a, co_window_paths_a,
          co_window_corner_a, co_window_of_opportunity_b, co_window_broadway_a,
          co_window_corner_b, co_window_of_opportunity_c, co_window_2corner,
          co_window_corner_b, roderic_serpentine_path

Skill      XL: |  1  2 |
---------------+-------+-----
Stealth        | 2 |  2.3
Dodging        | 2 |  2.1
Fighting       | |  0.6
Short Blades   | |  0.5
Spellcasting   | |  2.4
Conjurations   | |  4.3

Action                   || total
-------------------------++-------
Melee: Dagger            ||    33
       Unarmed           ||     8
 Cast: Magic Dart        ||    36
  Use: Scroll            ||     6
 Stab: Sleeping          ||     1
Armor: Robe              ||    10
Dodge: Dodged            ||    38
